 Dungeon Crawl Stone Soup version 0.23-a0-625-g1d2cd9b (console) character file.

32 Duffy the Conjurer (level 3, -3/19 HPs)
             Began as a Deep Elf Fire Elementalist on Dec 24, 2018.
             Slain by an adder (4 damage)
             ... on level 2 of the Dungeon.
             The game lasted 00:01:22 (1274 turns).

Duffy the Conjurer (Deep Elf Fire Elementalist)     Turns: 1274, Time: 00:01:22

Health: -3/19      AC:  2    Str:  5    XL:     3   Next: 10%
Magic:  9/9        EV: 13    Int: 22    God:
Gold:   87         SH:  0    Dex: 15    Spells: 8/8 levels left

rFire    . . .     SeeInvis .   (no weapon)
rCold    . . .     Gourm    .   (no shield)
rNeg     . . .     Faith    .   a - +0 robe
rPois    .         Spirit   .   (no helmet)
rElec    .         Reflect  .   (no cloak)
rCorr    .         Harm     .   (no gloves)
MR       .....     Rnd*Tele +   (no boots)
Stlth    ++........             (no amulet)
HPRegen  0.06/turn              f - ring of teleportation (curse)
MPRegen  0.11/turn              d - +2 ring of intelligence

@: lethally poisoned (-3 -> -15)
A: no striking features
a: no special abilities


You were on level 2 of the Dungeon.
You were not hungry.

You visited 1 branch of the dungeon, and saw 2 of its levels.

You collected 87 gold pieces.

Inventory:

Armour
 a - a +0 robe (worn)
Jewellery
 d - a +2 ring of intelligence (right hand)
 f - a cursed ring of teleportation (left hand)
Scrolls
 b - a scroll of enchant armour
Potions
 e - a potion of heal wounds
Comestibles
 c - a ration


   Skills:
 - Level 2.4 Dodging
 - Level 2.4 Stealth
 + Level 3.0 Spellcasting
   Level 3.4 Conjurations
   Level 3.2 Fire Magic


You had 8 spell levels left.
You didn't know any spells.
Your spell library contained the following spells:

 Spells                   Type           Power        Failure   Level  Hunger
 Flame Tongue             Conj/Fire      ###..        3%          1    None
 Throw Flame              Conj/Fire      ###...       4%          2    ##.....
 Conjure Flame            Conj/Fire      ###.....     10%         3    ###....
 Inner Flame              Hex/Fire       ##......     19%         3    ###....
 Sticky Flame             Conj/Fire      ###.....     30%         4    ####...
 Fireball                 Conj/Fire      ###.......   65%         5    ######.


Dungeon Overview and Level Annotations

Branches:
Dungeon (2/15)

Altars:


Message History

The adder is lightly wounded.
The bat closely misses you. The adder bites you.
You closely miss the adder.
The adder is lightly wounded.
The bat barely misses you. The adder closely misses you.
The adder bites you but does no damage.
You completely miss the adder.
The adder is lightly wounded.
The bat closely misses you. The adder bites you.
You are poisoned.
The adder poisons you!
You closely miss the adder.
The adder is lightly wounded.
You feel sick. The bat misses you. The adder closely misses you.
You hit the adder but do no damage.
The adder is lightly wounded.
The bat hits you but does no damage. The adder bites you.
You are more poisoned.
The adder poisons you! The adder bites you.
You die...

..# ####.#
#....#
#...$#
#....#
+...>#
.#####...b#
###########
.........@#
#.........#
#####...S.#
#.#######.#
#.....# #.#
#.####
..^.$...#
#.#####
#....#
..........
#.....#
####.#
...........#
#...<.# #.#
.....####..#
#.....# #.#
..... ...#
#.....# #.#
#.....# #.#


You could see an adder and a bat.

Vanquished Creatures
  An adder (D:2)
  3 hobgoblins (D:1)
  3 kobolds (D:1)
  3 bats (D:1)
  4 frilled lizards (D:1)
  3 goblins
  8 rats
25 creatures vanquished.

Notes
Turn   | Place    | Note
-------+----------+-------------------------------------------
     0 | D:1      | Duffy the Deep Elf Fire Elementalist began the quest for
                  | the Orb.
     0 | D:1      | Reached XP level 1. HP: 10/10 MP: 6/6
   376 | D:1      | Reached XP level 2. HP: 15/15 MP: 5/8
  1194 | D:2      | Reached XP level 3. HP: 19/19 MP: 5/9
  1274 | D:2      | Slain by an adder

Vault maps used:
D:1:      dpeg_arrival_subterranean_lakeside_camping
D:2:      nicolae_overflow_hidden_temple, nemelex_diamond_rough_becter

Skill      XL: |  1  2 |
---------------+-------+-----
Conjurations   | 2 3 |  3.4
Dodging        | |  2.4
Stealth        | |  2.4
Spellcasting   | |  3.0
Fire Magic     | |  3.2

Action                   || total
-------------------------++-------
Melee: Unarmed           ||    11
 Cast: Flame Tongue      ||    40
  Use: Scroll            ||     4
  Eat: Chunk             ||     1
Armor: Robe              ||     8
Dodge: Dodged            ||    25

Table legend:
 A = Non-vault XP
 B = Vault XP
 C = Vault XP percentage of total XP
 D = Non-vault monster count
 E = Vault monster count
 F = Vault count percentage of total count
                 A         B        C        D         E       F
            +---------+---------+-------+---------+---------+-------
      Total |      38 |       9 |  19.1 |      19 |       6 |  24.0
            +---------+---------+-------+---------+---------+-------
        D:1 |      22 |       9 |  29.0 |      16 |       6 |  27.3
        D:2 |      16 |       0 |   0.0 |       3 |       0 |   0.0
            +---------+---------+-------+---------+---------+-------
